 Dungeon Crawl Stone Soup version 0.31.0-9-g3a7656b989 (webtiles) character file.

Game seed: 12210280251348961584

1053 Arctor the Shooter (level 8, -1/48 HPs)
             Began as a Kobold Hexslinger on Jan 24, 2024.
             Slain by a yak (6 damage)
             ... on level 3 of the Dungeon.
             The game lasted 00:06:10 (3782 turns).

Arctor the Shooter (Kobold Hexslinger)              Turns: 3782, Time: 00:06:11

Health: -1/48      AC:  6    Str:  5    XL:     8   Next: 51%
Magic:  12/14      EV: 17    Int: 14    God:
Gold:   109        SH:  0    Dex: 26    Spells: 7/15 levels left

rFire   + . .        a - +1 sling
rCold   + + .        (no shield)
rNeg    . . .        t - +0 leather armour of Feasting {rF+ rC+}
rPois   .            q - +2 helmet
rElec   .            (no cloak)
rCorr   .            (no gloves)
SInv    .            (no boots)
Will    .....        (no amulet)
Stlth   +++          l - +6 ring of dexterity
HPRegen 0.28/turn    h - ring of protection from cold
MPRegen 0.14/turn

%: no passive effects
@: weak-willed, jinxed, very slightly contaminated
A: small, no large weapons, nightstalker 3
a: no special abilities


You were on level 3 of the Dungeon.
You visited 2 branches of the dungeon, and saw 5 of its levels.

You collected 209 gold pieces.
You spent 100 gold pieces at shops.

Inventory:

Hand Weapons
 a - a +1 sling (weapon)
Armour
 c - a +0 robe
 q - a +2 helmet (worn)
 t - the +0 leather armour of Feasting (worn) {rF+ rC+}
   (You found it on level 3 of the Dungeon)

   rF+:       It protects you from fire.
   rC+:       It protects you from cold.
Jewellery
 h - a ring of protection from cold (right hand)
 l - a +6 ring of dexterity (left hand)
 r - a ring of poison resistance
Talismans
 n - a blade talisman
Scrolls
 b - 2 scrolls of poison
 f - 2 scrolls of revelation
 g - 2 scrolls of fear
 i - 2 scrolls of teleportation
 j - 2 scrolls of vulnerability
 k - 3 scrolls of immolation
 m - a scroll of fog
 u - a scroll of brand weapon {unknown}
 w - a scroll of identify
Potions
 d - a potion of might
 e - 5 potions of curing
 p - a potion of haste {unknown}
 s - a potion of resistance {unknown}
 v - 2 potions of heal wounds
 x - a potion of mutation {unknown}


   Skills:
 + Level 4.3 Fighting
 + Level 5.7 Ranged Weapons
 + Level 5.1 Dodging
 + Level 4.0 Spellcasting
 + Level 4.8 Hexes
 - Level 3.3 Fire Magic


You had 7 spell levels left.
You knew the following spells:

 Your Spells              Type           Power      Damage    Failure   Level
a - Jinxbite              Hex            32%        N/A       7%          2
b - Sigil of Binding      Hex            16%        N/A       13%         3
c - Inner Flame           Hex/Fire       14%        N/A       19%         3

Your spell library contained the following spells:

 Spells                   Type           Power      Damage    Failure   Level
 Cause Fear               Hex            8%         N/A       41%         4
 Dimensional Bullseye     Hex/Tloc       4%         N/A       75%         4
 Animate Dead             Necr           2%         N/A       97%         4
 Borgnjor's Vile Clutch   Necr/Erth      1%         N/A       100%        5
 Death Channel            Necr           1%         N/A       100%        6


Dungeon Overview and Level Annotations

Branches:
Dungeon (4/15)             Temple (1/1) D:4

Altars:
Cheibriados
Dithmenos
Elyvilon
Fedhas
Gozag
Makhleb
Nemelex Xobeh
Okawaru
Ru
Trog
Uskayaw
Vehumet
Wu Jian
Xom
Zin
The Shining One

Shops:
D:4 !


Innate Abilities, Weirdness & Mutations

You are small and have problems with some larger weapons.
You are completely attuned to the shadows.


Message History

Done exploring.
Done exploring.
Done exploring.
There is a stone staircase leading up here.
You see here a yak skeleton.
There is a stone staircase leading down, spattered with blood here.
You climb downwards.
The yak gores you! The yak gores you. The yak closely misses you.
The yak barely misses you.
There is a stone staircase leading up, spattered with blood here.
Unknown command.
You can't go down here!
The yak gores you. The yak completely misses you.
You climb upwards.
There is a stone staircase leading down, spattered with blood here.
The yak completely misses you. The yak attacks as it pursues you!
The yak gores you but does no damage. The yak attacks as it pursues you!
The yak gores you but does no damage. The yak gores you!
The yak attacks as it pursues you! The yak completely misses you.
The yak attacks as it pursues you! The yak misses you.
The yak attacks as it pursues you! The yak gores you but does no damage.
The yak attacks as it pursues you! The yak misses you.
The yak attacks as it pursues you! The yak gores you!
The yak attacks as it pursues you! The yak gores you!
* * * LOW HITPOINT WARNING * * *
Casting: Jinxbite (safe; 7% risk of failure)
Confirm with . or Enter, or press ? or * to list all spells.
You miscast Sigil of Binding.
You are very lightly contaminated with residual magic.
Nothing appears to happen.
There is an open door here.
It was a potion of magic.
Magic courses through your body. The yak completely misses you.
The yak attacks as it pursues you! The yak gores you.
* * * LOW HITPOINT WARNING * * *
Casting: Sigil of Binding (dangerous; 13% risk of failure)
Confirm with . or Enter, or press ? or * to list all spells.
You beckon some vexing sprites to accompany your attacks.
You feel your willpower being sapped. The yak gores you.
You die...

###########
#########.........########
#.......#.####............
#.......#.####+##.########
#.......#............# #
#.......#............# #
#.......#@...........# #
#.......#Y####.##'#### # ##
#........Y..##.##.## # .#
#####.......##.....# # .#
#.......+..##### # .#
#.......##.# #
.###############.#..#.###########
['....#..........................
.#........................#.#####


You could see 2 yaks.

Vanquished Creatures
  Sigmund (D:4)
  4 yaks
  A black bear (D:4)
  2 hounds (D:4)
  An orc wizard (D:4)
  A gnoll (D:1)
  6 adders
  4 dart slugs
  A ribbon worm (D:3)
  8 orcs
  7 bats
  12 endoplasms
  7 giant cockroaches
  5 goblins
  6 hobgoblins
  6 kobolds
  6 quokkas
  6 ball pythons
  2 frilled lizards
  4 rats
90 creatures vanquished.

Notes
Turn   | Place    | Note
-------+----------+-------------------------------------------
     0 | D:1      | Arctor the Kobold Hexslinger began the quest for the Orb.
     0 | D:1      | Reached XP level 1. HP: 12/12 MP: 2/2
    99 | D:1      | Reached XP level 2. HP: 16/16 MP: 3/3
   305 | D:1      | Reached XP level 3. HP: 9/21 MP: 5/5
   785 | D:2      | Reached XP level 4. HP: 20/26 MP: 6/6
  1456 | D:2      | Reached XP level 5. HP: 30/30 MP: 8/8
  1934 | D:3      | Found a faded altar of an unknown god.
  2353 | D:3      | Identified the +0 leather armour of Feasting {rF+ rC+}
  2659 | D:4      | Found a staircase to the Ecumenical Temple.
  2679 | Temple   | Entered the Ecumenical Temple
  2729 | D:4      | Learned a level 2 spell: Jinxbite
  2773 | D:4      | Reached XP level 6. HP: 24/36 MP: 6/9
  2787 | D:4      | Learned a level 3 spell: Sigil of Binding
  2791 | D:4      | Learned a level 3 spell: Inner Flame
  2824 | D:4      | Noticed a yak
  2824 | D:4      | Noticed a yak
  2892 | D:4      | Found Xemiohab's Distillery.
  2896 | D:4      | Noticed Sigmund
  2903 | D:4      | Killed Sigmund
  2904 | D:4      | Reached XP level 7. HP: 33/41 MP: 8/11
  3108 | D:4      | Bought a potion of heal wounds for 50 gold pieces
  3108 | D:4      | Bought a potion of heal wounds for 50 gold pieces
  3241 | D:4      | Noticed a yak
  3246 | D:4      | Noticed a yak
  3262 | D:3      | Killed a yak
  3360 | D:3      | HP: 2/41 [yak (6)]
  3362 | D:3      | Killed a yak
  3363 | D:3      | Reached skill level 5 in Ranged Weapons
  3363 | D:3      | Reached XP level 8. HP: 4/48 MP: 9/13
  3528 | D:4      | Noticed a yak
  3529 | D:4      | Noticed a yak
  3559 | D:2      | Killed a yak
  3697 | D:3      | Killed a yak
  3698 | D:3      | Reached skill level 5 in Dodging
  3782 | D:3      | Slain by a yak

Illustrated notes

Levels and vault maps discovered:
D:1:      co_arrival_square_in_a_square_in_a_square, layout_loops_ring
D:2:      layout_rooms, serial_bayou_lagoon_a, minmay_ruptured
D:3:      layout_basic, shapermc_ecumenical_altar_totnotflames
D:4:      layout_cave_pools, minmay_temple_entry_mini_moons, serial_shops,
          nicolae_shop_window_shopping, uniq_sigmund
Temple:   nicolae_temple_slightly_damp_pantheon

Skill      XL: |  1  2  3  4  5  6  7  8 |
---------------+-------------------------+-----
Ranged Weapons | 3 4 5 |  5.7
Dodging        | 3 4 5 |  5.1
Fighting       | 2 3 4 |  4.3
Spellcasting   | 2 3 4 |  4.0
Fire Magic     | 2 3 |  3.3
Hexes          | 4 |  4.8

Action                     |  1- 3 |  4- 6 |  7- 9 || total
---------------------------+-------+-------+-------++-------
   Fire: Sling             |    66 |   159 |    72 ||   297
   Cast: Jinxbite          |       |     3 |    11 ||    14
    Use: Scroll            |       |     9 |       ||     9
         Potion            |       |       |     1 ||     1
 Armour: Robe              |    11 |    25 |       ||    36
         Leather armour    |       |    17 |    49 ||    66
  Dodge: Dodged            |    15 |    91 |    63 ||   169
